TOP OF THE 1ST |
Staten Island Yankees batting - Pitching for Tri-City ValleyCats : RHP Arsène Serre
|
Pitching: RHP Arsène Serre
|
|
Batting: LHB Mario Hurtado
|
0-0: Called Strike 0-1: Ball 1-1: Foul Ball, location: 2F 1-2: Ball 2-2: SINGLE (Line Drive, 89S, EV 100.0 MPH)
|
Batting: RHB Chris Diaz
|
0-0: Ball 1-0: Ball Mario Hurtado steals 2nd base 2-0: Called Strike 2-1: Ball 3-1: Foul Ball, location: 2F 3-2: Ground out 5-3 (Groundball, 56S, EV 86.9 MPH)
|
Batting: LHB Roald Jacobs
|
0-0: Called Strike 0-1: Ball 1-1: Foul Ball, location: 2F 1-2: Foul Ball, location: 2F 1-2: Foul Ball, location: 2F 1-2: Ball 2-2: Ball 3-2: DOUBLE (Line Drive, 89M, EV 110.6 MPH) Mario Hurtado scores
|
Batting: RHB Andres Valles
|
0-0: 2-RUN HOME RUN (Line Drive, 8RXD, EV 116.9 MPH), Distance : 452 ft
|
Batting: LHB Ben Roth
|
0-0: Ball 1-0: Called Strike 1-1: Ball 2-1: SINGLE (Line Drive, 7S, EV 106.9 MPH)
|
Batting: RHB Nick Massengale
|
0-0: Called Strike 0-1: 2-RUN HOME RUN (Flyball, 7D, EV 97.5 MPH), Distance : 356 ft
|
Batting: RHB Chris Yancey
|
0-0: Ball 1-0: Called Strike 1-1: Ball 2-1: SINGLE (Line Drive, 34, EV 98.1 MPH)
|
Batting: SHB Victor Martinez
|
0-0: Ball 1-0: Called Strike 1-1: Ball 2-1: Foul Ball, location: 2F 2-2: SINGLE (Groundball, 34D, EV 96.3 MPH) (infield hit) Chris Yancey to second
|
Batting: RHB Phil Corliss
|
0-0: Fielders Choice at 2nd, 5-4 (Groundball, 56, EV 75.6 MPH) Chris Yancey to third
|
Batting: LHB Mario Hurtado
|
0-0: Called Strike 0-1: DOUBLE (Flyball, 89D, EV 95.6 MPH) Chris Yancey scores Phil Corliss to third Runner from 3rd tries for Home, SAFE, no throw by RF
|
Batting: RHB Chris Diaz
|
0-0: Called Strike 0-1: Called Strike 0-2: Ball 1-2: Foul Ball, location: 2F 1-2: Ball Wild Pitch! Mario Hurtado to third 2-2: Ball 3-2: Foul Ball, location: 2F 3-2: Base on Balls
|
Batting: LHB Roald Jacobs
|
0-0: Hit by Pitch Chris Diaz to second
|
Batting: RHB Andres Valles
|
0-0: Ball 1-0: Ball 2-0: Ball 3-0: Base on Balls Mario Hurtado scores Chris Diaz to third Roald Jacobs to second
|
Pitching: RHP Chris Miller
|
|
Batting: LHB Ben Roth
|
0-0: Ball Balk! Chris Diaz scores Roald Jacobs to third Andres Valles to second 1-0: Ball 2-0: 3-RUN HOME RUN (Flyball, 9D, EV 96.3 MPH), Distance : 364 ft
|
Batting: RHB Nick Massengale
|
0-0: Called Strike 0-1: Ball 1-1: Ball 2-1: Ball 3-1: Base on Balls
|
Batting: RHB Chris Yancey
|
0-0: Foul Ball, location: 2F 0-1: Ball 1-1: Ball 2-1: Ball 3-1: Base on Balls Nick Massengale to second
|
Batting: SHB Victor Martinez
|
0-0: Called Strike 0-1: Ball 1-1: Fly out, F7 (Flyball, 7, EV 91.3 MPH)
|
Top of the 1st over - 12 runs, 9 hits, 0 errors, 2 left on base; Staten Island 12 - Tri-City 0 |
BOTTOM OF THE 1ST |
Tri-City ValleyCats batting - Pitching for Staten Island Yankees : RHP Gustav Kleber
|
Pitching: RHP Gustav Kleber
|
|
Batting: RHB Justin Olmstead
|
0-0: Ball 1-0: Ball 2-0: Called Strike 2-1: Foul Ball, location: 2F 2-2: Strikes out swinging
|
Batting: LHB Jon Pope
|
0-0: Ball 1-0: Ball 2-0: Foul Ball, location: 2F 2-1: Fly out, F9 (Flyball, 9S, EV 80.6 MPH)
|
Batting: LHB Vinny Siebecker
|
0-0: Called Strike 0-1: Ball 1-1: Ball 2-1: Foul Ball, location: 2F 2-2: Ball 3-2: Fly out, F8 (Line Drive, 8RD, EV 90.6 MPH)
|
Bottom of the 1st over - 0 runs, 0 hits, 0 errors, 0 left on base; Staten Island 12 - Tri-City 0 |
TOP OF THE 2ND |
Staten Island Yankees batting - Pitching for Tri-City ValleyCats : RHP Chris Miller
|
Batting: RHB Phil Corliss
|
0-0: Swinging Strike 0-1: Ball 1-1: Ball 2-1: Ground out 4-3 (Groundball, 4, EV 106.9 MPH)
|
Pitching: RHP Salvador Gomez
|
|
Batting: LHB Mario Hurtado
|
0-0: SINGLE (Flyball, 89S, EV 91.9 MPH)
|
Batting: RHB Chris Diaz
|
0-0: Grounds out, U3 (Groundball, 3L, EV 106.3 MPH)
|
Batting: LHB Roald Jacobs
|
0-0: Ball 1-0: Fly out, F8 (Flyball, 8RXD, EV 85.0 MPH)
|
Top of the 2nd over - 0 runs, 1 hit, 0 errors, 1 left on base; Staten Island 12 - Tri-City 0 |
BOTTOM OF THE 2ND |
Tri-City ValleyCats batting - Pitching for Staten Island Yankees : RHP Gustav Kleber
|
Batting: SHB Chris Keziah
|
0-0: Swinging Strike 0-1: Ball 1-1: Ground out 4-3 (Groundball, 4, EV 100.0 MPH)
|
Batting: RHB Bobby Dunn
|
0-0: Ground out 6-3 (Groundball, 6, EV 88.1 MPH)
|
Batting: RHB Evan Fry
|
0-0: Ball 1-0: DOUBLE (Line Drive, 3D, EV 108.1 MPH)
|
Batting: RHB Mike Koch
|
0-0: Called Strike 0-1: Swinging Strike 0-2: Foul Ball, location: 2F 0-2: Ball 1-2: Strikes out swinging
|
Bottom of the 2nd over - 0 runs, 1 hit, 0 errors, 1 left on base; Staten Island 12 - Tri-City 0 |
TOP OF THE 3RD |
Staten Island Yankees batting - Pitching for Tri-City ValleyCats : RHP Salvador Gomez
|
Batting: RHB Andres Valles
|
0-0: Swinging Strike 0-1: Ball 1-1: Called Strike 1-2: Ball 2-2: Ball 3-2: Base on Balls
|
Batting: LHB Ben Roth
|
0-0: Fly out, F4 (Line Drive, 4, EV 65.0 MPH)
|
Batting: RHB Nick Massengale
|
0-0: Fly out, F4 (Popup, 34S, EV 82.5 MPH)
|
Batting: RHB Chris Yancey
|
0-0: Called Strike 0-1: SINGLE (Flyball, 4D, EV 84.4 MPH) Andres Valles to second
|
Batting: SHB Victor Martinez
|
0-0: Foul Ball, location: 2F 0-1: Foul Ball, location: 2F 0-2: Ball 1-2: Ball 2-2: Ground out 1-3 (Groundball, 13S, EV 68.8 MPH)
|
Top of the 3rd over - 0 runs, 1 hit, 0 errors, 2 left on base; Staten Island 12 - Tri-City 0 |
BOTTOM OF THE 3RD |
Tri-City ValleyCats batting - Pitching for Staten Island Yankees : RHP Gustav Kleber
|
Batting: RHB Ruben Pujols
|
0-0: Foul Ball, location: 2F 0-1: Ground out 4-3 (Groundball, 4, EV 83.8 MPH)
|
Batting: RHB Rob Baker
|
0-0: Called Strike 0-1: Foul Ball, location: 2F 0-2: Ball 1-2: Strikes out looking
|
Batting: RHB Justin Olmstead
|
0-0: Called Strike 0-1: Ball 1-1: Ground out 6-3 (Groundball, 6MS, EV 69.4 MPH)
|
Bottom of the 3rd over - 0 runs, 0 hits, 0 errors, 0 left on base; Staten Island 12 - Tri-City 0 |
TOP OF THE 4TH |
Staten Island Yankees batting - Pitching for Tri-City ValleyCats : RHP Salvador Gomez
|
Pitching: RHP Ben Hoffman
|
|
Batting: RHB Phil Corliss
|
0-0: Ball 1-0: Called Strike 1-1: Ball 2-1: Foul Ball, location: 2F 2-2: Ball 3-2: SINGLE (Groundball, 4M, EV 82.5 MPH) (infield hit)
|
Batting: LHB Mario Hurtado
|
0-0: Swinging Strike 0-1: Ball Balk! Phil Corliss to second 1-1: Foul Ball, location: 2F 1-2: Ball 2-2: Foul Ball, location: 2F 2-2: Ball Wild Pitch! Phil Corliss to third 3-2: Base on Balls
|
Batting: RHB Chris Diaz
|
0-0: Called Strike Balk! Phil Corliss scores Mario Hurtado to second 0-1: Called Strike 0-2: Ball 1-2: Ball 2-2: Ground out U3 (Groundball, 34S, EV 73.1 MPH) Mario Hurtado to third
|
Pitching: RHP Adam Behrens
|
|
Batting: LHB Roald Jacobs
|
0-0: SINGLE (Groundball, 34D, EV 106.9 MPH) Mario Hurtado scores
|
Batting: RHB Andres Valles
|
0-0: Ball 1-0: Ball 2-0: Ball 3-0: Fielders Choice at 2nd, 4-6 (Groundball, 4, EV 83.8 MPH)
|
Batting: LHB Ben Roth
|
0-0: Foul Ball, location: 2F 0-1: Ball 1-1: Fly out, F8 (Flyball, 8RD, EV 91.3 MPH)
|
Top of the 4th over - 2 runs, 2 hits, 0 errors, 1 left on base; Staten Island 14 - Tri-City 0 |
BOTTOM OF THE 4TH |
Tri-City ValleyCats batting - Pitching for Staten Island Yankees : RHP Gustav Kleber
|
Batting: LHB Jon Pope
|
0-0: Foul Ball, location: 2F 0-1: Ball 1-1: Ball 2-1: Foul Ball, location: 2F 2-2: Ground out 5-3 (Groundball, 56, EV 86.9 MPH)
|
Batting: LHB Vinny Siebecker
|
0-0: Called Strike 0-1: SOLO HOME RUN (Flyball, 9D, EV 92.5 MPH), Distance : 352 ft
|
Batting: SHB Chris Keziah
|
0-0: Ball 1-0: Swinging Strike 1-1: Swinging Strike 1-2: Strikes out looking
|
Batting: RHB Bobby Dunn
|
0-0: Called Strike 0-1: Ground out 5-3 (Groundball, 56S, EV 92.5 MPH)
|
Bottom of the 4th over - 1 run, 1 hit, 0 errors, 0 left on base; Staten Island 14 - Tri-City 1 |
TOP OF THE 5TH |
Staten Island Yankees batting - Pitching for Tri-City ValleyCats : RHP Adam Behrens
|
Batting: RHB Nick Massengale
|
0-0: Fly out, F5 (Popup, 15, EV 81.3 MPH)
|
Batting: RHB Chris Yancey
|
0-0: Ball 1-0: Ball 2-0: Ball 3-0: Called Strike 3-1: Fly out, F3 (Line Drive, 3, EV 65.0 MPH)
|
Batting: SHB Victor Martinez
|
0-0: Foul Ball, location: 2F 0-1: Called Strike 0-2: Ground out 6-3 (Groundball, 6S, EV 63.1 MPH)
|
Top of the 5th over - 0 runs, 0 hits, 0 errors, 0 left on base; Staten Island 14 - Tri-City 1 |
BOTTOM OF THE 5TH |
Tri-City ValleyCats batting - Pitching for Staten Island Yankees : RHP Gustav Kleber
|
Batting: RHB Evan Fry
|
0-0: Ball 1-0: DOUBLE (Line Drive, 9LM, EV 99.4 MPH)
|
Batting: RHB Mike Koch
|
0-0: Ball 1-0: Foul Ball, location: 2F 1-1: Ball 2-1: Ball 3-1: Called Strike 3-2: Strikes out looking
|
Batting: RHB Ruben Pujols
|
0-0: Swinging Strike 0-1: Fly out, F3 (Line Drive, 3, EV 71.3 MPH)
|
Batting: RHB Rob Baker
|
0-0: Foul Ball, location: 2F 0-1: Ball 1-1: Ball 2-1: Ball 3-1: Base on Balls
|
Batting: RHB Justin Olmstead
|
0-0: Foul Ball, location: 2F 0-1: Ball 1-1: Foul Ball, location: 2F 1-2: Fly out, F8 (Flyball, 89M, EV 75.0 MPH)
|
Bottom of the 5th over - 0 runs, 1 hit, 0 errors, 2 left on base; Staten Island 14 - Tri-City 1 |
TOP OF THE 6TH |
Staten Island Yankees batting - Pitching for Tri-City ValleyCats : RHP Adam Behrens
|
Batting: RHB Phil Corliss
|
0-0: Swinging Strike 0-1: Called Strike 0-2: Ball 1-2: Strikes out swinging
|
Pitching: RHP Chris Miles
|
|
Batting: LHB Mario Hurtado
|
0-0: Ball 1-0: Called Strike 1-1: Swinging Strike 1-2: Fly out, F4 (Line Drive, 4, EV 69.4 MPH)
|
Batting: RHB Chris Diaz
|
0-0: Ball 1-0: Called Strike 1-1: Ball 2-1: Foul Ball, location: 2F 2-2: Strikes out swinging
|
Top of the 6th over - 0 runs, 0 hits, 0 errors, 0 left on base; Staten Island 14 - Tri-City 1 |
BOTTOM OF THE 6TH |
Tri-City ValleyCats batting - Pitching for Staten Island Yankees : RHP Gustav Kleber
|
Batting: LHB Jon Pope
|
0-0: Ball 1-0: Ground out 4-3 (Groundball, 34, EV 106.9 MPH)
|
Batting: LHB Vinny Siebecker
|
0-0: Called Strike 0-1: Swinging Strike 0-2: Strikes out swinging
|
Batting: SHB Chris Keziah
|
0-0: Ball 1-0: Called Strike 1-1: Ball 2-1: Ball 3-1: Base on Balls
|
Batting: RHB Bobby Dunn
|
0-0: Called Strike 0-1: Ball 1-1: 2-RUN HOME RUN (Line Drive, 7D, EV 96.9 MPH), Distance : 373 ft
|
Batting: RHB Evan Fry
|
0-0: Called Strike 0-1: Ball 1-1: Ball 2-1: Foul Ball, location: 2F 2-2: Ball 3-2: Base on Balls
|
Batting: RHB Mike Koch
|
0-0: Ball 1-0: Ball 2-0: Swinging Strike 2-1: Swinging Strike 2-2: Strikes out swinging
|
Bottom of the 6th over - 2 runs, 1 hit, 0 errors, 1 left on base; Staten Island 14 - Tri-City 3 |
TOP OF THE 7TH |
Staten Island Yankees batting - Pitching for Tri-City ValleyCats : RHP Chris Miles
|
Pinch Hitting: LHB Gotthold Schneider
|
0-0: Ball 1-0: Ball 2-0: Ball 3-0: Called Strike 3-1: Base on Balls
|
Batting: RHB Andres Valles
|
0-0: Ball 1-0: Ball 2-0: Called Strike 2-1: Ball 3-1: Base on Balls Gotthold Schneider to second
|
Pinch Hitting: RHB Walt Couch
|
0-0: Ball 1-0: Ball 2-0: Fielders Choice at 2nd, 5-4 (Groundball, 56, EV 88.1 MPH) Gotthold Schneider to third
|
Batting: RHB Nick Massengale
|
0-0: Ball 1-0: Swinging Strike 1-1: Swinging Strike 1-2: Fielders Choice at 2nd, 3-6 (Groundball, 3, EV 88.8 MPH) Gotthold Schneider scores
|
Batting: RHB Chris Yancey
|
0-0: Ball 1-0: Ball 2-0: Ball 3-0: Called Strike 3-1: Base on Balls Nick Massengale to second
|
Batting: SHB Victor Martinez
|
0-0: Ball 1-0: Ball 2-0: Called Strike 2-1: Fielders Choice at 2nd, U4 (Groundball, 4M, EV 99.4 MPH)
|
Top of the 7th over - 1 run, 0 hits, 0 errors, 2 left on base; Staten Island 15 - Tri-City 3 |
BOTTOM OF THE 7TH |
Tri-City ValleyCats batting - Pitching for Staten Island Yankees : RHP Gustav Kleber
|
Now at 1B: Walt Couch
|
|
Now in LF: Gotthold Schneider
|
|
Batting: RHB Ruben Pujols
|
0-0: Swinging Strike 0-1: Ball 1-1: Called Strike 1-2: Fly out, F8 (Flyball, 8RS, EV 98.1 MPH)
|
Batting: RHB Rob Baker
|
0-0: SINGLE (Groundball, 6S, EV 68.1 MPH) (infield hit)
|
Batting: RHB Justin Olmstead
|
0-0: Called Strike 0-1: Fielders Choice at 2nd, 4-6 (Groundball, 4, EV 93.8 MPH)
|
Batting: LHB Jon Pope
|
0-0: Ball 1-0: Foul Ball, location: 2F 1-1: Ball 2-1: DOUBLE (Line Drive, 78M, EV 97.5 MPH) Justin Olmstead to third Runner from 3rd tries for Home, SAFE, throw by LF to home
|
Pitching: RHP Neill Bol
|
|
Batting: LHB Vinny Siebecker
|
0-0: Ground out 6-3 (Groundball, 6, EV 105.0 MPH)
|
Bottom of the 7th over - 1 run, 2 hits, 0 errors, 1 left on base; Staten Island 15 - Tri-City 4 |
TOP OF THE 8TH |
Staten Island Yankees batting - Pitching for Tri-City ValleyCats : RHP Chris Miles
|
Batting: RHB Phil Corliss
|
0-0: Swinging Strike 0-1: DOUBLE (Groundball, 5L, EV 110.6 MPH)
|
Batting: LHB Mario Hurtado
|
0-0: SINGLE (Groundball, 56D, EV 102.5 MPH) Phil Corliss to third
|
Batting: RHB Chris Diaz
|
0-0: Ball 1-0: Foul Ball, location: 2F 1-1: Ball 2-1: Foul Ball, location: 2F 2-2: Foul Ball, location: 2F 2-2: SINGLE (Groundball, 6MS, EV 70.0 MPH) (infield hit) Phil Corliss scores Mario Hurtado to second
|
Batting: LHB Gotthold Schneider
|
0-0: Called Strike 0-1: Foul Ball, location: 2F 0-2: SINGLE (Line Drive, 34D, EV 107.5 MPH) Mario Hurtado to third Chris Diaz to second
|
Batting: RHB Andres Valles
|
0-0: Ball 1-0: Called Strike 1-1: Swinging Strike 1-2: Strikes out looking
|
Batting: RHB Walt Couch
|
0-0: Called Strike 0-1: Ball Balk! Mario Hurtado scores Chris Diaz to third Gotthold Schneider to second 1-1: Ball 2-1: Called Strike 2-2: Foul Ball, location: 2F 2-2: Strikes out swinging
|
Batting: RHB Nick Massengale
|
0-0: Swinging Strike 0-1: Fly out, F9 (Line Drive, 9, EV 92.5 MPH)
|
Top of the 8th over - 2 runs, 4 hits, 0 errors, 2 left on base; Staten Island 17 - Tri-City 4 |
BOTTOM OF THE 8TH |
Tri-City ValleyCats batting - Pitching for Staten Island Yankees : RHP Neill Bol
|
Batting: SHB Chris Keziah
|
0-0: Foul Ball, location: 2F 0-1: Ball 1-1: Ball 2-1: Ground out U3 (Groundball, 34, EV 84.4 MPH)
|
Batting: RHB Bobby Dunn
|
0-0: Called Strike 0-1: Ball 1-1: Foul Ball, location: 2F 1-2: Ground out 5-3 (Groundball, 56, EV 88.1 MPH)
|
Batting: RHB Evan Fry
|
0-0: Called Strike 0-1: Ground out 5-3 (Groundball, 5S, EV 85.0 MPH)
|
Bottom of the 8th over - 0 runs, 0 hits, 0 errors, 0 left on base; Staten Island 17 - Tri-City 4 |
TOP OF THE 9TH |
Staten Island Yankees batting - Pitching for Tri-City ValleyCats : RHP Chris Miles
|
Batting: RHB Chris Yancey
|
0-0: Ball 1-0: Ball 2-0: Ball 3-0: Called Strike 3-1: Called Strike 3-2: Strikes out looking
|
Batting: SHB Victor Martinez
|
0-0: Ball 1-0: Ball 2-0: Ball 3-0: Called Strike 3-1: Base on Balls
|
Batting: RHB Phil Corliss
|
0-0: Ball 1-0: Ball 2-0: Ball 3-0: Called Strike 3-1: Base on Balls Victor Martinez to second
|
Batting: LHB Mario Hurtado
|
0-0: Called Strike 0-1: Ball 1-1: Ball 2-1: Ball 3-1: Called Strike 3-2: Base on Balls Victor Martinez to third Phil Corliss to second
|
Batting: RHB Chris Diaz
|
0-0: Called Strike 0-1: Foul Ball, location: 2F 0-2: Ball 1-2: Ball 2-2: Foul Ball, location: 2F 2-2: Ball 3-2: Foul Ball, location: 2F 3-2: Base on Balls Victor Martinez scores Phil Corliss to third Mario Hurtado to second
|
Batting: LHB Gotthold Schneider
|
0-0: Called Strike 0-1: Ball 1-1: Fielders Choice at 2nd, 3-6 (Groundball, 3S, EV 84.4 MPH) Phil Corliss scores Mario Hurtado to third
|
Batting: RHB Andres Valles
|
0-0: Ball 1-0: Called Strike 1-1: Called Strike 1-2: Ground out 1-3 (Groundball, 13, EV 71.9 MPH)
|
Top of the 9th over - 2 runs, 0 hits, 0 errors, 2 left on base; Staten Island 19 - Tri-City 4 |
BOTTOM OF THE 9TH |
Tri-City ValleyCats batting - Pitching for Staten Island Yankees : RHP Neill Bol
|
Batting: RHB Mike Koch
|
0-0: Swinging Strike 0-1: Ball 1-1: Ball 2-1: Foul Ball, location: 2F 2-2: Foul Ball, location: 2F 2-2: Strikes out swinging
|
Batting: RHB Ruben Pujols
|
0-0: Swinging Strike 0-1: Ball 1-1: Swinging Strike 1-2: Ball 2-2: Foul Ball, location: 2F 2-2: Strikes out looking
|
DELAY
|
Rain delay of 31 minutes in the 9th inning.
|
Batting: RHB Rob Baker
|
0-0: Called Strike 0-1: Ball 1-1: Ground out U3 (Groundball, 34, EV 105.0 MPH)
|
Bottom of the 9th over - 0 runs, 0 hits, 0 errors, 0 left on base; Staten Island 19 - Tri-City 4 |
|